 Dungeon Crawl Stone Soup version 0.29.1-12-g30fa7ad0bf (webtiles) character file.

Game seed: 12664755850018987572

18 wormed the Shield-Bearer (level 2, 29/29 HPs)
             Began as a Troll Fighter on Dec 19, 2022.
             Quit the game on level 1 of the Dungeon.
             The game lasted 00:02:32 (292 turns).

wormed the Shield-Bearer (Troll Fighter)             Turns: 292, Time: 00:02:33

Health: 29/29      AC:  4    Str: 23    XL:     2   Next: 48%
Magic:  1/1        EV:  8    Int:  4    God:
Gold:   30         SH:  7    Dex:  9    Spells: 1/1 levels left

rFire   . . .      SeeInvis .     - Unarmed
rCold   . . .      Faith    .   b - +0 kite shield
rNeg    . . .      Spirit   .   a - +0 robe
rPois   .          Reflect  .   (helmet restricted)
rElec   .          Harm     .   (no cloak)
rCorr   .          Rampage  .   (gloves unavailable)
Will    .....                   (boots unavailable)
Stlth   +.........              (no amulet)
HPRegen 0.89/turn               (no ring)
MPRegen 0.07/turn               (no ring)

@: no status effects
A: large, unfitting armour, claws 3, regeneration 1, shaggy fur 1, tough skin 1
a: no special abilities


You were on level 1 of the Dungeon.
You visited 1 branch of the dungeon, and saw 1 of its levels.

You collected 30 gold pieces.

Inventory:

Armour
 a - a +0 robe (worn)
 b - a +0 kite shield (worn)
Scrolls
 e - a scroll of identify {unknown}
 f - a scroll of teleportation {unknown}
Potions
 c - a potion of might
 d - a potion of curing {unknown}
 g - a potion of heal wounds {unknown}


   Skills:
 + Level 2.6 Fighting
 - Level 2.4 Dodging
 + Level 2.9 Shields
 * Level 2.6 Unarmed Combat


You had one spell level left.
You didn't know any spells.
Your spell library was empty.

Dungeon Overview and Level Annotations

Branches:
Dungeon (1/15)

Altars:


Innate Abilities, Weirdness & Mutations

You are too large for most types of armour.
You have claws for hands.
Your natural rate of healing is unusually fast.
You are covered in fur. (AC +1)
You have tough skin. (AC +1)


Message History

You scratch the jackal.
You kill the jackal!
The jackal bites you but does no damage.
The frilled lizard hisses.
You block the frilled lizard's attack. The jackal barely misses you.
You barely miss the jackal. The jackal closely misses you.
The frilled lizard closely misses you.
You closely miss the jackal. The jackal closely misses you.
The frilled lizard bites you but does no damage.
The jackal barely misses you.
You closely miss the jackal.
The frilled lizard bites you but does no damage.
You block the jackal's attack.
You claw the jackal!
You kill the jackal!
The frilled lizard bites you.
You closely miss the frilled lizard. The frilled lizard barely misses you.
You closely miss the frilled lizard.
The frilled lizard bites you but does no damage.
The frilled lizard barely misses you.
You miss the frilled lizard. The frilled lizard bites you.
You completely miss the frilled lizard.
The frilled lizard bites you but does no damage.
You miss the frilled lizard. The frilled lizard bites you.
You miss the frilled lizard. The frilled lizard closely misses you.
You claw the frilled lizard!
You kill the frilled lizard!
No target in view!
You see here a frilled lizard corpse.
You now have 30 gold pieces (gained 9).
f - a scroll labelled OSETWO DICSAT
g - a silvery potion You open the door.
Found a faded altar of an unknown god.
There is an open door here.
Found a stone staircase leading down.
A quokka comes into view.
Unknown command.
Unknown command.
Are you sure you want to abandon this character and quit the game? (Confirm with "yes".)

##'##..#.#..#..( #......
#......#_#..#... .......
#...#..###..#... r......
#####......##... .......
#..8#...###.....
#......##..#####........
#....>.#................
.......#.#.####>........
#..@.#.#####...รท....
####.......###......
###..##...#......
##.####........
###..#####......
................
#......)#....###
...###.##..#..#
..###.....##.##


You could see a quokka (asleep).

Vanquished Creatures
  A ball python (D:1)
  3 endoplasms (D:1)
  5 jackals (D:1)
  2 kobolds (D:1)
  2 bats (D:1)
  3 frilled lizards (D:1)
16 creatures vanquished.

Notes
Turn   | Place    | Note
-------+----------+-------------------------------------------
     0 | D:1      | wormed the Troll Fighter began the quest for the Orb.
     0 | D:1      | Reached XP level 1. HP: 22/22 MP: 0/0
    82 | D:1      | Reached XP level 2. HP: 29/29 MP: 1/1
   265 | D:1      | Found a faded altar of an unknown god.
   292 | D:1      | Quit the game

Illustrated notes

Levels and vault maps discovered:
D:1:      lemuel_arrival_river_bridge, layout_rooms,
          shapermc_ecumenical_altar_mp_vishouse, minmay_heptomino_d4

Action                   || total
-------------------------++-------
Melee: Unarmed           ||    55
Armor: Robe              ||    26
Dodge: Dodged            ||    33
Block: Kite shield       ||    22
